 Dungeon Crawl Stone Soup version 0.30-a0-121-gb27577e5d9 (webtiles) character file.

Game seed: 7843873220331650763

94 IdlyInterested the Conjurer (level 4, -2/33 HPs)
             Began as a Demonspawn Wanderer on Sept 14, 2022.
             Slain by an adder (3 damage)
             ... on level 3 of the Dungeon.
             The game lasted 00:13:10 (3777 turns).

IdlyInterested the Conjurer (Demonspawn Wanderer)   Turns: 3777, Time: 00:13:10

Health: -2/33      AC:  3    Str: 10    XL:     4   Next: 38%
Magic:  4/6        EV:  9    Int: 19    God:
Gold:   43         SH:  6    Dex: 11    Spells: 3/5 levels left

rFire   . . .      SeeInvis .    s - +7 club
rCold   . . .      Faith    .    i - +0 kite shield
rNeg    . . .      Spirit   .    h - +0 robe
rPois   .          Reflect  .    t - +0 helmet
rElec   .          Harm     .    (no cloak)
rCorr   .          Rampage  .    (no gloves)
Will    .....                    (no boots)
Stlth   +.........               (no amulet)
HPRegen 1.11/turn                (no ring)
MPRegen 0.10/turn                (no ring)

@: lethally poisoned (-2 -> -4)
A: foul stench 1, powered by death 1
a: no special abilities


You were on level 3 of the Dungeon.
You visited 1 branch of the dungeon, and saw 3 of its levels.

You collected 206 gold pieces.
You spent 163 gold pieces at shops.

Inventory:

Hand Weapons
 g - a +0 flail
 q - a +0 short sword
 s - a +7 club (weapon)
 z - a +0 vorpal spear
Missiles
 p - 6 silver javelins
 u - 2 poisoned darts
Armour
 c - a +0 scale mail
 h - a +0 robe (worn)
 i - a +0 kite shield (worn)
 l - a +0 leather armour
 r - a +0 chain mail
 t - a +0 helmet (worn)
Wands
 k - a wand of flame (17)
Scrolls
 b - a scroll of butterflies
 d - 5 scrolls of identify
 f - a scroll of immolation {unknown}
 j - a scroll of noise {unknown}
 n - a scroll of teleportation {unknown}
 o - a scroll of vulnerability {unknown}
 y - a scroll of fear
Potions
 a - a potion of invisibility
 m - a potion of flight
 v - 3 potions of degeneration
 w - 2 potions of curing
 x - a potion of attraction


   Skills:
 + Level 2.1 Fighting
 - Level 3.0 Armour
 + Level 0.1 Dodging
 * Level 1.4 Spellcasting
 * Level 3.9 Conjurations
 - Level 3.0 Hexes
 - Level 1.0 Fire Magic


You had 3 spell levels left.
You knew the following spells:

 Your Spells              Type           Power      Damage    Failure   Level
a - Foxfire               Conj/Fire      40%        2x1d6     24%         1
b - Slow                  Hex            48%        N/A       19%         1

Your spell library contained the following spells:

 Spells                   Type           Power      Damage    Failure   Level
 Dazzling Flash           Conj/Hex       28%        N/A       43%         3
 Confusing Touch          Hex            12%        N/A       50%         3
 Hailstorm                Conj/Ice       8%         3d4       96%         4


Dungeon Overview and Level Annotations

Branches:
Dungeon (3/15)

Altars:
Cheibriados

Shops:
D:2 (!?


Innate Abilities, Weirdness & Mutations

You may rarely emit foul miasma when damaged in melee.
You regenerate a little health from kills.


Message History

The adder is severely wounded.
The adder bites you.
You are poisoned.
The adder poisons you! The adder bites you.
You are more poisoned.
The adder poisons you!
You completely miss the adder.
The adder is severely wounded.
You feel very sick. The adder bites you. You block the adder's attack.
The adder closely misses you.
You closely miss the adder.
The adder is severely wounded.
You feel very sick. The adder closely misses you. You block the adder's attack.
You miss the adder.
The adder is severely wounded.
You feel sick. The adder bites you. You block the adder's attack.
You barely miss the adder.
The adder is severely wounded.
You feel sick. The adder barely misses you. x2
You barely miss the adder.
The adder is heavily wounded.
You feel sick. The adder bites you.
* * * LOW HITPOINT WARNING * * *
The adder bites you.
* * * LOW HITPOINT WARNING * * *
You are lethally poisoned!
The adder poisons you! The adder bites you.
* * * LOW HITPOINT WARNING * * *
You emit a cloud of foul miasma!
You hit the adder.
The adder is severely wounded.
* * * LOW HITPOINT WARNING * * *
You feel very sick. You block the adder's attack.
The adder is engulfed in dark miasma.
The adder is poisoned.
The adder seems to slow down.
You kill the adder!
The adder bites you.
You die...

# .#
###.###.#
#.SK..... #
#@# #
#.#○#.#
#..<..#
#......#
#.........
#....#.#..#
#......#....
#...#..# ...
#... ..# ..


You could see an adder (slow) and a kobold.

Vanquished Creatures
  Robin (D:2)
  An adder (D:3)
  4 bats
  8 endoplasms
  5 giant cockroaches (D:1)
  15 goblins
  5 hobgoblins
  8 jackals
  4 kobolds
  3 quokkas
  4 ball pythons
  5 frilled lizards
  7 rats
70 creatures vanquished.

Vanquished Creatures (others)
  14 foxfires
  11 fungi (D:3)
25 creatures vanquished.

Grand Total: 95 creatures vanquished

Notes
Turn   | Place    | Note
-------+----------+-------------------------------------------
     0 | D:1      | IdlyInterested the Demonspawn Wanderer began the quest for
                  | the Orb.
     0 | D:1      | IdlyInterested set off with the following items: a +0 club,
                  | a scroll of butterflies, a +0 scale mail; and the following
                  | spells available to memorise: Slow, Foxfire, Confusing
                  | Touch, Dazzling Flash, Hailstorm.
     0 | D:1      | Reached XP level 1. HP: 13/13 MP: 2/2
     2 | D:1      | Learned a level 1 spell: Foxfire
     4 | D:1      | Learned a level 1 spell: Slow
   240 | D:1      | Gained mutation: You regenerate a little health from kills.
                  | [demonic ancestry]
   240 | D:1      | Reached XP level 2. HP: 6/20 MP: 3/3
   786 | D:1      | Reached skill level 1 in Fighting
  1060 | D:1      | Reached skill level 1 in Fire Magic
  1116 | D:1      | Reached XP level 3. HP: 23/26 MP: 4/4
  2264 | D:2      | Found Ciakat's Magic Scroll Shop.
  2267 | D:2      | Found a snail-covered altar of Cheibriados.
  2957 | D:2      | Gained mutation: You may rarely emit foul miasma when
                  | damaged in melee. [demonic ancestry]
  2957 | D:2      | Reached XP level 4. HP: 23/33 MP: 5/5
  3121 | D:2      | Found Soneonowu's Antique Weapon Shoppe.
  3146 | D:2      | Found Ileth's Distillery.
  3175 | D:2      | Noticed Robin
  3186 | D:2      | Killed Robin
  3617 | D:2      | Bought a potion of degeneration for 13 gold pieces
  3628 | D:2      | Bought a scroll of identify for 24 gold pieces
  3639 | D:2      | Bought a potion of attraction for 39 gold pieces
  3639 | D:2      | Bought a potion of curing for 39 gold pieces
  3650 | D:2      | Bought a scroll of fear for 48 gold pieces
  3777 | D:3      | HP: 1/33 [poisoned by an adder]
  3777 | D:3      | Slain by an adder

Illustrated notes

Levels and vault maps discovered:
D:1:      eino_arrival_cavern_a, layout_loops_ring
D:2:      layout_loops_ring, basic_altar, serial_shops, shop_coins, shop,
          shop_fountains, chequers_serial_rivers_marsh, uniq_robin
D:3:      layout_loops_cross, zin_purify, mainiacjoe_overflow_catch_the_wave

Skill      XL: |  1  2  3 |
---------------+----------+-----
Fighting       | 1 2 |  2.1
Fire Magic     | 1 |  1.0
Armour         | 3 |  3.0
Dodging        | |  0.1
Spellcasting   | |  1.4
Conjurations   | |  3.9
Hexes          | |  3.0

Action                   |  1- 3 |  4- 6 || total
-------------------------+-------+-------++-------
Melee: Spear             |   235 |    10 ||   245
       Club              |     5 |    31 ||    36
Throw: Dart              |       |     2 ||     2
 Cast: Foxfire           |     7 |     3 ||    10
       Slow              |     2 |     7 ||     9
  Use: Potion            |     2 |       ||     2
       Scroll            |       |     1 ||     1
Armor: Scale mail        |    49 |       ||    49
       Leather armour    |    37 |     1 ||    38
       Skin              |    25 |       ||    25
       Robe              |       |     9 ||     9
Dodge: Dodged            |    98 |    15 ||   113
Block: Kite shield       |    51 |    11 ||    62

Table legend: (Time is in decaauts)
 A = Elapsed time spent in this place.
 B = Non-inter-level travel time spent in this place.
 C = Inter-level travel time spent in this place.
 D = Time resting spent in this place.
 E = Time spent auto-exploring this place.
 F = Levels seen in this place.
 G = Mean time per level.
                   A        B        C        D        E       F      G
               +--------+--------+--------+--------+--------+-----+--------+
         Total |   3856 |   3600 |    256 |   1479 |   1253 |   3 | 1285.3 |
       Dungeon |   3856 |   3600 |    256 |   1479 |   1253 |   3 | 1285.3 |
               +--------+--------+--------+--------+--------+-----+--------+

Top non-repeatable levels by time:
     D:1: 2006 daAuts
     D:2: 1793 daAuts
     D:3: 56 daAuts
